Map: 熱帶祭品

Players

GungFuBanDa - Winner!

  • Race: Protoss Protoss
  • Spawn Location: 7:00

Nice

  • Race: Protoss Protoss
  • Spawn Location: 1:00

Event: DreamHack SC2 Masters 2022 Atlanta (Offline)

VOD

Have the link to the VOD?

Description

Time

  • Played on: Nov. 18, 2022, 3:28 p.m.
  • Length: 17:31

All games in this series

Show
View Real Time Build Order
Export as new Build Order

GungFuBanDa Protoss - Winner!

Build Orders: Oracle Opening, Phoenix Opening 

Get SALT Encoding   

  12  0:00  Probe  
  13  0:12  Probe  
  14  0:17  Pylon  
  14  0:24  Probe (Chrono Boost)  
  16  0:37  Probe (Chrono Boost)  
  16  0:38  Gateway  
  16  0:42  Probe (Chrono Boost)  
  16  0:49  Assimilator  
  17  0:52  Probe (Chrono Boost)  
  18  0:57  Assimilator  
  18  1:04  Probe (Chrono Boost)  
  18  1:10  Gateway  
  19  1:13  Probe (Chrono Boost)  
  20  1:19  Probe  
  21  1:26  Cybernetics Core  
  21  1:31  Probe  
  22  1:36  Pylon  
  22  1:43  Probe  
  24  2:02  Stargate  
  24  2:05  Adept  
  24  2:06  Adept  
  27  2:10  Warp Gate  
  27  2:11  Probe  
  28  2:18  Pylon  
  28  2:31  Probe  
  29  2:43  Oracle (Chrono Boost)  
  29  2:47  Stalker  
  34  2:54  Probe  
  34  2:55  Shield Battery  
  35  3:00  Stalker  
  37  3:09  Pylon  
  37  3:17  Shield Battery  
  37  3:28  Phoenix  
  37  3:44  Nexus  
  37  3:55  Shield Battery  
  37  3:57  Probe  
  37  3:59  Sentry  
  40  4:04  Stalker  
  40  4:09  Probe  
  43  4:18  Twilight Council  
  43  4:24  Stalker  
  45  4:32  Stalker  
  47  4:47  Blink (Chrono Boost)  
  47  4:53  Pylon  
  47  4:55  Probe (Chrono Boost)  
  47  4:56  Probe (Chrono Boost)  
  49  5:05  Probe x2 (Chrono Boost)  
  51  5:10  Probe (Chrono Boost)  
  51  5:11  Probe (Chrono Boost)  
  53  5:20  Stalker x2  
  56  5:22  Probe  
  56  5:23  Probe  
  58  5:31  Pylon  
  58  5:34  Probe  
  59  5:37  Probe  
  59  5:40  Phoenix  
  60  5:46  Probe  
  60  5:49  Nexus  
  61  5:55  Stalker  
  61  5:56  Probe  
  63  5:58  Probe  
  63  6:02  Forge  
  64  6:08  Probe  
  64  6:10  Pylon  
  65  6:19  Stalker  
  65  6:20  Stalker  
  65  6:24  Probe  
  66  6:33  Probe  
  66  6:37  Protoss Ground Weapons Level 1 (Chrono Boost)  
  66  6:40  Probe  
  66  6:44  Nexus, Stalker  
  66  6:45  Probe, Stalker, Pylon  
  72  6:49  Pylon  
  72  6:53  Probe (Chrono Boost)  
  73  6:55  Assimilator  
  73  7:00  Gateway  
  73  7:05  Probe (Chrono Boost)  
  71  7:09  Probe (Chrono Boost)  
  71  7:14  Probe (Chrono Boost)  
  68  7:17  Probe (Chrono Boost)  
  68  7:20  Probe  
  68  7:28  Probe (Chrono Boost)  
  65  7:32  Probe (Chrono Boost)  
  58  7:38  Stalker x2  
  58  7:43  Shield Battery  
  64  7:44  Probe (Chrono Boost)  
  64  7:46  Probe (Chrono Boost)  
  64  7:50  Probe (Chrono Boost)  
  65  7:53  Probe (Chrono Boost)  
  65  7:55  Stalker  
  68  7:58  Probe  
  68  8:02  Stalker x2  
  68  8:03  Probe  
  68  8:04  Probe  
  75  8:05  Photon Cannon  
  75  8:10  Probe  
  76  8:15  Probe  
  76  8:16  Probe  
  78  8:21  Stalker  
  78  8:22  Probe  
  80  8:27  Protoss Ground Weapons Level 2 (Chrono Boost)  
  80  8:28  Probe x2  
  80  8:32  Sentry, Stalker  
  84  8:34  Probe  
  84  8:36  Pylon  
  84  8:37  Robotics Facility  
  84  8:40  Probe x2  
  87  8:45  Pylon  
  87  8:46  Sentry  
  87  8:47  Probe  
  87  8:48  Assimilator  
  90  8:52  Probe x2  
  90  8:55  Photon Cannon  
  92  8:59  Probe, Gateway  
  92  9:00  Gateway  
  92  9:02  Gateway  
  93  9:07  Probe  
  94  9:11  Probe  
  95  9:21  Assimilator  
  95  9:23  Pylon  
  95  9:26  Robotics Bay  
  95  9:27  Photon Cannon, Stalker x2  
  95  9:28  Stalker  
  101  9:33  Shield Battery  
  101  9:34  Probe  
  102  9:38  Gateway  
  102  9:53  Probe x3  
  102  9:57  Photon Cannon  
  102  9:59  Observer  
  106  10:01  Robotics Facility  
  106  10:02  Shield Battery  
  106  10:04  Assimilator  
  106  10:06  Stalker x5  
  116  10:10  Pylon  
  116  10:19  Disruptor  
  119  10:30  Stalker x5  
  119  10:33  Photon Cannon  
  119  10:35  Gateway  
  129  10:38  Protoss Ground Weapons Level 3 (Chrono Boost)  
  132  10:55  Disruptor (Chrono Boost)  
  132  10:58  Disruptor (Chrono Boost)  
  135  11:14  Nexus, Stalker x3  
  135  11:15  Pylon  
  141  11:33  Disruptor  
  141  11:34  Pylon  
  141  11:35  Pylon  
  141  11:37  Pylon  
  144  11:40  Dark Shrine  
  144  11:43  Probe  
  144  11:44  Probe  
  146  11:47  Gravitic Boosters, Probe  
  146  11:53  Disruptor, Pylon  
  150  11:55  Probe  
  150  11:56  Probe  
  150  11:57  Stargate  
  150  12:00  Probe  
  153  12:07  Shield Battery x2, Photon Cannon, Probe  
  153  12:08  Probe  
  153  12:12  Probe  
  153  12:13  Fleet Beacon  
  155  12:20  Gateway, Pylon  
  155  12:21  Probe  
  156  12:24  Warp Prism  
  158  12:33  Probe x3  
  158  12:35  Assimilator  
  158  12:36  Assimilator  
  161  12:45  Stalker x2  
  161  12:46  Stalker  
  161  12:48  Charge (Chrono Boost)  
  167  12:55  Mothership (Chrono Boost)  
  168  13:02  Probe (Chrono Boost)  
  168  13:05  Protoss Shields Level 1 (Chrono Boost)  
  176  13:21  Dark Templar x3  
  176  13:22  Dark Templar  
  184  13:27  Gravitic Drive (Chrono Boost)  
  184  13:28  Nexus  
  184  13:30  Pylon  
  184  13:35  Protoss Air Weapons Level 1, Pylon  
  184  13:36  Dark Templar  
  185  14:03  Photon Cannon  
  185  14:05  Photon Cannon  
  185  14:07  Pylon  
  185  14:12  Shadow Stride  
  185  14:14  Photon Cannon  
  185  14:16  Photon Cannon  
  185  14:18  Photon Cannon  
  185  14:21  Shield Battery  
  185  14:23  Shield Battery  
  183  14:25  Templar Archives  
  183  14:30  Assimilator  
  183  14:35  Assimilator  
  183  14:38  Photon Cannon  
  183  14:40  Photon Cannon  
  183  14:43  Probe  
  184  15:03  Stalker x8  
  184  15:06  Photon Cannon  
  200  15:07  Photon Cannon  
  200  15:09  Photon Cannon  
  200  15:11  Photon Cannon  
  200  15:13  Shield Battery  
  190  15:14  Shield Battery  
  190  15:15  Disruptor x2  
  190  15:16  Shield Battery  
  190  15:18  Pylon  
  194  15:26  Probe  
  188  15:39  Nexus  
  141  15:58  Disruptor (Chrono Boost)  
  141  15:59  Stalker x3  
  141  16:00  Stalker x6  
  141  16:03  Pylon  
  162  16:08  Disruptor (Chrono Boost)  
  162  16:26  Disruptor  
  163  16:36  Stalker x7  
  163  16:37  Observer  
  163  17:04  Probe  
  163  17:05  Stalker x7  
  178  17:09  Observer  
Show
View Real Time Build Order
Export as new Build Order

Nice Protoss 

Build Orders: Phoenix Opening 

Get SALT Encoding   

  12  0:00  Probe  
  13  0:12  Probe  
  14  0:17  Pylon  
  14  0:24  Probe (Chrono Boost)  
  16  0:37  Probe (Chrono Boost), Gateway  
  16  0:42  Probe (Chrono Boost)  
  16  0:46  Assimilator  
  17  0:53  Probe (Chrono Boost)  
  17  0:55  Assimilator  
  18  1:05  Probe (Chrono Boost)  
  18  1:08  Gateway  
  19  1:14  Probe (Chrono Boost)  
  20  1:19  Probe  
  21  1:27  Cybernetics Core  
  21  1:31  Probe  
  22  1:37  Pylon  
  22  1:48  Probe  
  23  2:00  Probe  
  24  2:04  Warp Gate, Stalker x2  
  28  2:20  Pylon  
  28  2:34  Stalker  
  30  2:38  Stargate, Stalker  
  32  2:50  Shield Battery  
  32  2:52  Probe  
  33  3:04  Stalker  
  35  3:08  Stalker  
  35  3:10  Shield Battery  
  36  3:18  Pylon  
  36  3:19  Pylon  
  35  3:27  Phoenix (Chrono Boost)  
  37  3:43  Phoenix (Chrono Boost)  
  37  3:44  Probe  
  37  3:57  Stalker  
  39  4:08  Nexus  
  39  4:14  Pylon  
  39  4:31  Phoenix (Chrono Boost)  
  39  4:32  Probe  
  42  4:44  Probe  
  42  4:45  Pylon  
  43  4:49  Shield Battery  
  43  4:51  Phoenix  
  45  5:01  Stalker  
  45  5:06  Probe  
  48  5:20  Probe (Chrono Boost)  
  48  5:21  Probe (Chrono Boost)  
  50  5:25  Phoenix (Chrono Boost)  
  52  5:32  Probe (Chrono Boost)  
  52  5:33  Robotics Facility  
  53  5:39  Probe x2 (Chrono Boost)  
  55  5:48  Probe x2  
  57  5:57  Stalker x2  
  57  6:00  Probe  
  57  6:03  Pylon  
  62  6:06  Probe  
  63  6:19  Probe  
  63  6:24  Observer (Chrono Boost), Probe  
  66  6:26  Assimilator  
  66  6:28  Assimilator  
  66  6:31  Probe  
  67  6:34  Twilight Council  
  67  6:36  Probe  
  67  6:38  Stalker  
  67  6:39  Observer (Chrono Boost), Stalker  
  72  6:44  Probe  
  74  6:48  Probe  
  75  6:56  Probe  
  75  7:00  Probe  
  77  7:18  Stalker  
  75  7:30  Immortal  
  75  7:35  Blink (Chrono Boost)  
  75  7:36  Probe x2  
  75  7:50  Observer  
  75  7:57  Probe x2  
  77  8:02  Forge  
  77  8:08  Pylon  
  77  8:14  Nexus  
  77  8:15  Probe  
  77  8:17  Pylon  
  78  8:21  Probe  
  78  8:24  Immortal (Chrono Boost)  
  82  8:27  Probe  
  82  8:29  Protoss Ground Weapons Level 1 (Chrono Boost)  
  82  8:33  Sentry, Probe  
  86  8:35  Sentry  
  86  8:36  Shield Battery  
  86  8:40  Probe  
  89  8:44  Pylon  
  89  8:45  Probe  
  90  8:52  Probe, Gateway  
  90  8:54  Gateway  
  91  8:56  Observer  
  91  8:57  Probe  
  91  9:00  Sentry  
  93  9:04  Probe  
  93  9:06  Stalker  
  96  9:15  Probe  
  96  9:16  Probe  
  98  9:19  Dark Shrine, Gateway  
  98  9:20  Gateway  
  98  9:27  Probe, Assimilator  
  98  9:28  Probe, Assimilator  
  100  9:33  Immortal (Chrono Boost)  
  104  9:39  Probe  
  103  9:46  Stalker x2  
  103  9:49  Charge  
  105  10:02  Pylon  
  105  10:04  Pylon  
  105  10:06  Gateway, Probe  
  106  10:09  Gateway  
  106  10:10  Observer  
  106  10:13  Templar Archives  
  106  10:14  Immortal  
  110  10:25  Phoenix (Chrono Boost), Protoss Ground Weapons Level 2 (Chrono Boost)  
  110  10:26  Stargate  
  112  10:31  Pylon  
  112  10:43  Robotics Facility  
  112  10:46  Immortal  
  112  10:54  Nexus, Phoenix (Chrono Boost)  
  112  10:55  Probe x2  
  112  10:56  Probe  
  118  11:00  Pylon  
  118  11:01  Phoenix (Chrono Boost)  
  120  11:09  Phoenix  
  122  11:15  High Templar x2  
  122  11:17  Probe x3, Pylon  
  129  11:20  Archon, High Templar  
  129  11:21  High Templar  
  129  11:24  Archon  
  133  11:27  Phoenix  
  133  11:29  Probe x2  
  133  11:32  Zealot x2  
  141  11:39  Probe  
  142  11:41  Probe x2  
  142  11:42  Photon Cannon  
  142  11:44  Shield Battery  
  144  11:53  Immortal  
  148  11:56  Phoenix  
  148  11:58  Phoenix  
  148  12:00  Observer  
  153  12:11  Probe  
  153  12:12  Probe x2  
  153  12:13  Observer  
  153  12:15  High Templar, Assimilator  
  158  12:16  Zealot x2, High Templar, Assimilator  
  158  12:17  Observer  
  158  12:20  Archon  
  158  12:21  Observer  
  165  12:24  Robotics Bay  
  165  12:26  Pylon  
  165  12:27  Photon Cannon  
  165  12:30  Photon Cannon  
  165  12:44  Phoenix x2  
  169  12:51  Protoss Ground Weapons Level 3 (Chrono Boost)  
  169  12:52  Observer  
  169  13:01  Photon Cannon  
  169  13:03  Photon Cannon  
  169  13:04  Pylon  
  169  13:10  Phoenix, Immortal x2  
  179  13:17  Photon Cannon  
  179  13:21  Phoenix, Photon Cannon, Pylon  
  179  13:22  Photon Cannon  
  179  13:24  Photon Cannon  
  181  13:28  High Templar x2  
  181  13:33  Pylon  
  181  13:34  Archon  
  179  13:38  Zealot x4  
  179  13:39  Zealot  
  187  13:46  Observer  
  187  13:55  Phoenix x2 (Chrono Boost)  
  192  14:05  Nexus  
  192  14:06  Pylon  
  192  14:08  Gateway  
  192  14:12  Gateway, Photon Cannon  
  192  14:13  Gravitic Boosters (Chrono Boost)  
  192  14:16  Photon Cannon  
  191  14:19  Pylon  
  191  14:24  Photon Cannon  
  191  14:25  Photon Cannon  
  191  14:27  Pylon  
  191  14:36  Protoss Air Weapons Level 1 (Chrono Boost)  
  191  14:42  Phoenix x2  
  193  14:46  High Templar  
  193  14:47  High Templar x2  
  199  14:57  Zealot x3  
  199  15:06  Archon  
  196  15:13  Zealot x2  
  199  15:15  Phoenix x2  
  189  15:26  Zealot x6  
  192  15:40  Phoenix x2  
  170  15:45  Immortal  
  170  15:46  Immortal  
  158  15:51  Zealot x4, High Templar x4  
  171  15:57  Archon  
  171  15:58  Archon  
  171  16:05  Phoenix x2 (Chrono Boost), Robotics Facility  
  175  16:13  Zealot x3  
  175  16:14  Zealot  
  175  16:17  Photon Cannon, Pylon  
  175  16:18  Nexus  
  183  16:19  Shield Battery, Pylon  
  183  16:22  Phoenix (Chrono Boost)  
  173  16:36  Dark Templar x2  
  155  16:50  Dark Templar  
  155  16:52  Zealot x2, Dark Templar  
  155  16:53  Zealot x3  
  127  17:00  Phoenix  
  117  17:02  Observer  
  112  17:17  Nexus  
  112  17:21  Zealot x5  
Tags
 
Add a new tag
Caveats
  • Supply blocks, unpowered buildings, or Contaminate may cause inaccurate times.
  • Supply counts are checked every 10 seconds.